 Dungeon Crawl Stone Soup version 0.28-a0-863-g8cecda6153 (webtiles) character file.

Game seed: 8473491788526908082

6 gigimoi the Firebug (level 1, 0/14 HPs)
             Began as a Hill Orc Fire Elementalist on Nov 17, 2021.
             Slain by a quokka (2 damage)
             ... on level 1 of the Dungeon.
             The game lasted 00:02:24 (187 turns).

gigimoi the Firebug (Hill Orc Fire Elementalist)     Turns: 187, Time: 00:02:25

Health: 0/14       AC:  2    Str: 10    XL:     1   Next: 90%
Magic:  0/3        EV: 12    Int: 15    God:
Gold:   15         SH:  0    Dex: 11    Spells: 2/3 levels left

rFire   . . .      SeeInvis .   (no weapon)
rCold   . . .      Faith    .   (no shield)
rNeg    . . .      Spirit   .   a - +0 robe
rPois   .          Reflect  .   (no helmet)
rElec   .          Harm     .   (no cloak)
rCorr   .          Rampage  .   (no gloves)
Will    .....                   (no boots)
Stlth   ++........              (no amulet)
HPRegen 0.04/turn               (no ring)
MPRegen 0.08/turn               (no ring)

@: no status effects
A: no striking features
a: no special abilities


You were on level 1 of the Dungeon.
You visited 1 branch of the dungeon, and saw 1 of its levels.

You collected 15 gold pieces.

Inventory:

Armour
 a - a +0 robe (worn)


   Skills:
 * Level 1.6 Dodging
 * Level 1.6 Stealth
 * Level 1.6 Spellcasting
 + Level 1.0 Conjurations
 * Level 3.6 Fire Magic


You had 2 spell levels left.
You knew the following spells:

 Your Spells              Type           Power      Damage    Failure   Level
a - Foxfire               Conj/Fire      32%        2x1d5     9%          1

Your spell library contained the following spells:

 Spells                   Type           Power      Damage    Failure   Level
 Scorch                   Fire           24%        2d6       8%          2
 Conjure Flame            Conj/Fire      8%         6-21      26%         3
 Inner Flame              Hex/Fire       6%         N/A       32%         3
 Flame Wave               Conj/Fire      8%         3d4       65%         4


Dungeon Overview and Level Annotations

Branches:
Dungeon (1/15)

Altars:


Message History

The quokka bites you.
You miss the quokka. The quokka bites you.
You hit the quokka.
The quokka is lightly wounded.
The quokka closely misses you.
You barely miss the quokka.
The quokka is lightly wounded.
The quokka misses you. The quokka barely misses you.
You closely miss the quokka.
The quokka is lightly wounded.
The quokka barely misses you.
You barely miss the quokka.
The quokka is lightly wounded.
The quokka barely misses you.
You hit the quokka but do no damage.
The quokka is lightly wounded.
The quokka misses you.
You hit the quokka.
The quokka is heavily wounded.
The quokka bites you.
A quokka comes into view.
The quokka closely misses you.
Casting: Foxfire (safe; 9% risk of failure)
Confirm with . or Enter, or press ? or * to list all spells.
You conjure some foxfire!
The quokka completely misses you.
Your foxfire dissipates!
The quokka misses you. The quokka bites you.
* * * LOW HITPOINT WARNING * * *
You hit the quokka but do no damage.
The quokka is lightly wounded.
The quokka barely misses you.
You hit the quokka but do no damage.
The quokka is lightly wounded.
The quokka bites you.
* * * LOW HITPOINT WARNING * * *
You hit the quokka.
The quokka is severely wounded.
The quokka closely misses you. The quokka bites you.
You die...

......#.#>#.#..†...
##.#...........####.#
#..................# .#r
#.#..#.###.##.####.# .#.
...#........##.# #.# .#.
.............# #.# ...
#......###.#..# #.# ..
#.#..#........# #.# §#
#.#.....##.#@#####.#######.#.
#..........rr..............
#..##.#.#####.#######.## ..
.....# #.# ## # ###.### #.#
#. #.# # ###


You could see 2 quokkas.

Vanquished Creatures
  An endoplasm (D:1)
  2 hobgoblins (D:1)
  A quokka (D:1)
  A ball python (D:1)
5 creatures vanquished.

Vanquished Creatures (others)
  18 foxfires (D:1)
18 creatures vanquished.

Grand Total: 23 creatures vanquished

Notes
Turn   | Place    | Note
-------+----------+-------------------------------------------
     0 | D:1      | gigimoi the Hill Orc Fire Elementalist began the quest for
                  | the Orb.
     0 | D:1      | Reached XP level 1. HP: 14/14 MP: 3/3
   187 | D:1      | Slain by a quokka

Illustrated notes

Levels and vault maps discovered:
D:1:      onia_arrival_handbag, layout_basic,
          hellmonk_ecumenical_altar_pennies_from_heaven

Action                   || total
-------------------------++-------
Melee: Unarmed           ||    11
 Cast: Foxfire           ||    14
Armor: Robe              ||     1
Dodge: Dodged            ||    13

Table legend: (Time is in decaauts)
 A = Elapsed time spent in this place.
 B = Non-inter-level travel time spent in this place.
 C = Inter-level travel time spent in this place.
 D = Time resting spent in this place.
 E = Time spent auto-exploring this place.
 F = Levels seen in this place.
 G = Mean time per level.
                   A        B        C        D        E       F      G
               +--------+--------+--------+--------+--------+-----+--------+
         Total |    187 |    187 |      0 |      7 |    128 |   1 |  187.0 |
       Dungeon |    187 |    187 |      0 |      7 |    128 |   1 |  187.0 |
               +--------+--------+--------+--------+--------+-----+--------+

Top non-repeatable levels by time:
     D:1: 187 daAuts
